 Dungeon Crawl Stone Soup version 0.18.1-1-g2f07953 (webtiles) character file.

51616 Eucla the Severer (level 14, 0/133 HPs)
             Began as a Minotaur Abyssal Knight on May 8, 2016.
             Was the Champion of Lugonu.
             Slain by a 19-headed hydra (7 damage)
             ... on level 8 of the Lair of Beasts.
             The game lasted 00:32:44 (19236 turns).

Eucla the Severer (Minotaur Abyssal Knight)        Turns: 19236, Time: 00:32:45

Health: 0/133      AC: 43    Str: 16    XL:     14   Next: 24%
Magic:  14/22      EV:  9    Int:  9    God:    Lugonu [******]
Gold:   1705       SH:  0    Dex: 16    Spells: 0 memorised, 13 levels left

rFire  + . .     SeeInvis .     L - +5 hand axe of Courage {chop, rN+ MR++}
rCold  . . .     Gourm    .     W - +27 Lear's hauberk
rNeg   + . .     Faith    .     (no shield)
rPois  .         Spirit   .     (helmet currently unavailable)
rElec  .         Dismiss  .     N - +0 cloak
rCorr  .         Reflect  .     (gloves currently unavailable)
SustAt .         Harm     .     (boots currently unavailable)
MR     ++++.                    Q - amulet of regeneration
Stlth  ..........               o - +3 ring of protection
                                h - +3 ring of protection

@: incredibly resistant to hostile enchantments, extremely unstealthy
A: retaliatory headbutt, horns 2, repulsion field 1, fire resistance 1, magic
resistance 1, shaggy fur 1
a: Depart the Abyss, Bend Space, Banish, Corrupt, Enter the Abyss, Brand Weapon
With Distortion, Renounce Religion


You were on level 8 of the Lair of Beasts.
You worshipped Lugonu.
Lugonu was exalted by your worship.
You were not hungry.

You visited 2 branches of the dungeon, and saw 18 of its levels.
You visited the Abyss 1 time.

You collected 1705 gold pieces.

Inventory:

Hand Weapons
 y - a +1 war axe of chopping
 L - the +5 hand axe of Courage (weapon) {chop, rN+ MR++}
   (You found it on level 3 of the Lair of Beasts)

   It inflicts extra damage upon your enemies.
   It protects you from negative energy.
   It affects your resistance to hostile enchantments.
Armour
 k - the cursed +0 pair of gloves of Apathy {rC++ Regen+ Stlth+, unknown}
   (You found it on level 8 of the Lair of Beasts)

   It greatly protects you from cold.
   It increases your rate of regeneration.
   It makes you more stealthy.
   It has a curse placed upon it.
 N - a +0 cloak (worn)
 W - the +27 Lear's hauberk (worn)
   (You found it on level 1 of the Lair of Beasts)
Jewellery
 b - an uncursed ring of resist corrosion
 h - a +3 ring of protection (left hand)
 j - an uncursed amulet of harm {unknown}
 l - an uncursed ring of protection from magic
 o - a +3 ring of protection (right hand)
 r - the ring "Ufeysetol" {+Fly rF+}
   (You found it on level 8 of the Lair of Beasts)

   [ring of flight]

   It protects you from fire.
   It lets you fly.
 I - the ring "Zoacyggo" {+Fly rPois MR+}
   (You found it on level 7 of the Lair of Beasts)

   [ring of protection from magic]

   It protects you from poison.
   It affects your resistance to hostile enchantments.
   It lets you fly.
 M - an uncursed ring of protection from cold
 Q - an amulet of regeneration (around neck)
Wands
 a - a wand of disintegration (12/24)
 p - a wand of iceblast (7/15)
Scrolls
 d - 3 scrolls of enchant armour
 e - 3 scrolls of remove curse
 v - 5 scrolls of teleportation
 x - 6 scrolls of magic mapping
 C - a scroll of blinking
 F - 2 scrolls of fear
 G - 6 scrolls of enchant weapon
 S - 2 scrolls of fog
 V - a scroll of amnesia
Potions
 c - a potion of haste
 f - 3 potions of brilliance
 g - a potion of cancellation
 i - 3 potions of curing
 n - 2 potions of might
 z - a potion of resistance
 B - 2 potions of flight
 O - 3 potions of agility
 X - 2 potions of magic
 Z - a potion of heal wounds
Miscellaneous
 m - a phial of floods
 t - a fan of gales
 u - a lamp of fire
 Y - a sack of spiders
Comestibles
 q - a beef jerky
 s - 9 meat rations
 w - 12 bread rations
 H - 26 fruits


   Skills:
 + Level 14.8 Fighting
 * Level 19.7 Axes
 - Level 2.4 Armour
 - Level 1.1 Dodging
 + Level 12.3 Invocations


You had 13 spell levels left.
You didn't know any spells.

Dungeon Overview and Level Annotations

Branches:
Dungeon (10/15)            Temple (0/1) D:6            Lair (8/8) D:9
  Swamp (0/4) Lair:3        Snake (0/4) Lair:5        Slime (0/6) Lair:8
    Orc (0/2) D:9

Altars:
Ashenzari
Cheibriados
Elyvilon
Fedhas
Gozag
Nemelex Xobeh
Okawaru
Ru
Trog
Zin
The Shining One
Jiyva


Innate Abilities, Weirdness & Mutations

You reflexively headbutt those who attack you in melee.
You have a pair of horns on your head.
You are surrounded by a mild repulsion field (EV +2).
Your flesh is heat resistant.
You are resistant to hostile enchantments.
You are covered in fur (AC +1).


Message History

* * * LOW HITPOINT WARNING * * *
The 19-headed hydra bites you but does no damage.
The 19-headed hydra completely misses you.
The 19-headed hydra barely misses you. The 19-headed hydra bites you!
* * * LOW HITPOINT WARNING * * *
The 19-headed hydra bites you!
* * * LOW HITPOINT WARNING * * *
The 19-headed hydra bites you but does no damage. x3
Unknown command.
Press: ? - help, Shift-Dir - straight line, f/p - 19-headed hydra
Aim: a 19-headed hydra (heavily wounded, chance to defeat MR: 60%)
The 19-headed hydra resists with significant effort.
You feel somewhat more hungry. The 19-headed hydra closely misses you.
The 19-headed hydra bites you but does no damage. x2
The 19-headed hydra barely misses you. x2
The 19-headed hydra bites you but does no damage. x8
The 19-headed hydra bites you!
* * * LOW HITPOINT WARNING * * *
The 19-headed hydra bites you!
You die...

#P.........P..P.P...
##P.P......#.P<.PP.P[
#................PP..
##P........#....†..#.
#.....P....##...†.##P
##...P...P#.#......#.
#[.....P.P.#.........
#.........P..........
###.@................
#...D................
##...................
#....P...............
##P.PP...#.PP.......P
#....P....#P....P..#
..PP.#.P.#.P....PP.P
#..P.P.P..........PP.
P.P.P..........#.


You could see a 19-headed hydra.

Vanquished Creatures
  Maud (Lair:6)
  Snorg (Lair:4)
  A catoblepas (Lair:4)
  Nergalle (Lair:3)
  The ghost of Eucla the Destroyer, a novice DEFE of Kikubaaqudgha (D:10)
  Pikel (D:6)
  4 griffons
  12 elephants
  3 black mambas
  19 spiny frogs
  A torpor snail (Lair:5)
  6 komodo dragons
  A gargoyle (D:9)
  6 rime drakes
  A troll (D:9)
  A giant leech (Lair:8)
  A polar bear (Lair:8)
  2 two-headed ogres
  Prince Ribbit (D:9)
  A boulder beetle (Lair:8)
  39 blink frogs
  Sigmund (D:2)
  A spriggan (Lair:2)
  3 wyverns
  54 yaks
  A human (D:7)
  A hungry ghost (D:9)
  5 vampire mosquitoes (Lair:8)
  2 basilisks
  6 hippogriffs
  16 water moccasins
  10 porcupines
  2 black bears
  2 sky beasts
  2 orc warriors (D:9)
  A swamp drake (D:9)
  2 wasps
  A necrophage (D:9)
  2 ogres
  3 phantoms
  6 wolves
  3 centaurs
  12 crocodiles
  A big kobold (D:9)
  Blork the orc (D:6)
  26 giant frogs
  A scorpion (D:6)
  8 killer bees
  6 howler monkeys
  7 electric eels
  6 crimson imps
  2 quasits
  A giant frog zombie (D:5)
  A jelly (D:7)
  7 hounds
  5 orc priests
  2 giant frog skeletons
  A gnoll shaman (D:7)
  8 orc wizards
  Natasha (twice) (D:2)
  4 iguanas
  5 worker ants
  17 sheep
  4 hound skeletons
  2 worker ant zombies (D:10)
  12 gnolls
  9 adders
  62 river rats
  A shadow imp (D:7)
  2 oozes
  2 adder skeletons (D:4)
  3 worms
  A dart slug (D:3)
  8 giant geckos
  34 orcs
  3 ball pythons
  5 giant cockroaches
  10 goblins
  9 hobgoblins
  25 jackals
  9 kobolds
  5 quokkas
  4 bats
  4 giant newts
  A quokka skeleton (D:5)
  8 rats
  9 fungi
  2 plants (Lair:8)
585 creatures vanquished.

Vanquished Creatures (collateral kills)
  A black mamba (Lair:7)
1 creature vanquished.

Vanquished Creatures (others)
  A hydra (Lair:2)
  An oklob plant (Lair:1)
  A komodo dragon (Lair:1)
  A troll (D:9)
  A hungry ghost (D:9)
  A basilisk (Lair:1)
  2 slaves (D:6)
  A scorpion (D:6)
  2 electric eels (Lair:8)
  A giant frog zombie (D:6)
  An orc (D:6)
  2 jackals (D:6)
  15 fungi
  12 plants
42 creatures vanquished.

Grand Total: 628 creatures vanquished

Notes
Turn   | Place    | Note
--------------------------------------------------------------
     0 | Abyss:1  | Eucla the Minotaur Abyssal Knight began the quest for the Orb.
     0 | Abyss:1  | Reached XP level 1. HP: 19/19 MP: 1/1
    18 | Abyss:1  | Found a corrupted altar of Lugonu.
    39 | D:1      | Escaped the Abyss
   400 | D:1      | Reached XP level 2. HP: 27/27 MP: 2/2
   645 | D:2      | Reached skill level 3 in Axes
   650 | D:2      | Noticed Sigmund
   660 | D:2      | Killed Sigmund
   660 | D:2      | Reached skill level 4 in Axes
   660 | D:2      | Reached XP level 3. HP: 35/35 MP: 2/4
   660 | D:2      | Reached XP level 4. HP: 41/41 MP: 2/5
   660 | D:2      | Reached XP level 5. HP: 47/47 MP: 2/6
   713 | D:2      | Reached skill level 5 in Axes
   757 | D:2      | Noticed Natasha
   766 | D:2      | Killed Natasha
   766 | D:2      | Reached ** piety under Lugonu
   766 | D:2      | Reached skill level 5 in Fighting
  1033 | D:2      | Found a shattered altar of Ashenzari.
  1328 | D:2      | Found a blossoming altar of Fedhas.
  1396 | D:2      | Noticed Natasha
  1400 | D:2      | Killed Natasha
  1400 | D:2      | Reached XP level 6. HP: 54/56 MP: 7/7
  1818 | D:3      | Reached *** piety under Lugonu
  1971 | D:3      | Reached skill level 6 in Axes
  2624 | D:4      | Reached XP level 7. HP: 59/62 MP: 9/9
  2771 | D:4      | Found an opulent altar of Gozag.
  2903 | D:4      | Reached **** piety under Lugonu
  3158 | D:5      | Entered Level 5 of the Dungeon
  3211 | D:5      | Reached skill level 7 in Axes
  3304 | D:5      | Found a bloodstained altar of Trog.
  3425 | D:5      | Found a white marble altar of Elyvilon.
  3754 | D:6      | Noticed Pikel
  3780 | D:6      | Killed Pikel
  3780 | D:6      | Reached skill level 8 in Axes
  3780 | D:6      | Reached skill level 5 in Invocations
  3780 | D:6      | Reached XP level 8. HP: 11/73 MP: 10/10
  3790 | D:6      | Got a bloodstained arbalest
  3791 | D:6      | Identified the cursed +3 arbalest of Death {penet, rElec} (You found it on level 6 of the Dungeon)
  4115 | D:6      | Found a staircase to the Ecumenical Temple.
  4263 | D:6      | Noticed Blork the orc
  4274 | D:6      | Killed Blork the orc
  4274 | D:6      | Reached skill level 9 in Axes
  5018 | D:6      | Reached ***** piety under Lugonu
  5249 | D:6      | Found a glowing golden altar of the Shining One.
  5327 | D:6      | Got a bloodstained ring mail
  5675 | D:7      | Identified the +4 ring mail of Sovereignty {Str+2} (You found it on level 6 of the Dungeon)
  5680 | D:7      | Found a sacrificial altar of Ru.
  5801 | D:7      | Reached skill level 10 in Axes
  5912 | D:7      | Found a snail-covered altar of Cheibriados.
  6027 | D:7      | Reached XP level 9. HP: 81/81 MP: 12/12
  6647 | D:8      | Reached skill level 11 in Axes
  7175 | D:8      | Found a glowing silver altar of Zin.
  7286 | D:9      | Noticed a gargoyle
  7301 | D:9      | Killed a gargoyle
  7787 | D:8      | Reached skill level 12 in Axes
  7909 | D:8      | Reached XP level 10. HP: 75/91 MP: 14/14
  8022 | D:9      | Found a staircase to the Lair.
  8296 | D:9      | Noticed Prince Ribbit
  8463 | D:9      | Killed Prince Ribbit
  8513 | D:9      | Reached skill level 10 in Fighting
  8525 | D:9      | Gained mutation: You are covered in fur (AC +1). [mutagenic meat]
  8526 | D:9      | Gained mutation: You are resistant to hostile enchantments. [mutagenic meat]
  8854 | Lair:1   | Entered Level 1 of the Lair of Beasts
  9364 | Lair:1   | Reached skill level 13 in Axes
  9505 | Lair:1   | Gained mutation: You are surrounded by a mild repulsion field (EV +2). [potion of mutation]
  9505 | Lair:1   | Gained mutation: Your flesh is heat resistant. [potion of mutation]
  9942 | Lair:1   | Noticed an oklob plant
  9949 | Lair:1   | Banished an oklob plant
 10168 | Lair:1   | Reached XP level 11. HP: 81/101 MP: 16/16
 10176 | Lair:1   | Reached skill level 14 in Axes
 10523 | D:9      | Found a staircase to the Orcish Mines.
 11091 | D:10     | Entered Level 10 of the Dungeon
 11126 | D:10     | Noticed Eucla's ghost (novice DEFE)
 11145 | D:10     | Killed Eucla's ghost
 11579 | D:10     | Found a sparkling altar of Nemelex Xobeh.
 11813 | Lair:2   | Reached ****** piety under Lugonu
 11851 | Lair:2   | Noticed a five-headed hydra
 11857 | Lair:2   | Banished a five-headed hydra
 11875 | Lair:2   | Reached skill level 15 in Axes
 12346 | Lair:2   | Noticed a five-headed hydra
 12351 | Lair:2   | Banished a five-headed hydra
 12390 | Lair:2   | Noticed a spriggan rider
 13102 | Lair:3   | Reached skill level 10 in Invocations
 13102 | Lair:3   | Reached XP level 12. HP: 98/112 MP: 18/18
 13122 | Lair:3   | Reached skill level 16 in Axes
 13130 | Lair:3   | Got a faintly glowing hand axe
 13131 | Lair:3   | Identified the +5 hand axe of Courage {chop, rN+ MR++} (You found it on level 3 of the Lair of Beasts)
 13214 | Lair:3   | Noticed Nergalle
 13224 | Lair:3   | Killed Nergalle
 13232 | Lair:3   | Found an iron altar of Okawaru.
 13263 | Lair:3   | Found a staircase to the Swamp.
 14098 | Lair:4   | You fall through a shaft for 3 floors!
 14308 | Lair:7   | Reached skill level 17 in Axes
 14535 | Lair:7   | Got a fine marble ring
 14726 | Lair:7   | Identified the ring "Zoacyggo" {+Fly rPois MR+} (You found it on level 7 of the Lair of Beasts)
 15158 | Lair:6   | Reached XP level 13. HP: 120/122 MP: 20/20
 15486 | Lair:6   | Noticed Maud
 15515 | Lair:6   | Killed Maud
 16168 | Lair:6   | Reached skill level 18 in Axes
 16358 | Lair:5   | Found a staircase to the Snake Pit.
 17371 | Lair:4   | Noticed Snorg
 17382 | Lair:4   | Killed Snorg
 17853 | Lair:8   | Entered Level 8 of the Lair of Beasts
 17927 | Lair:8   | Reached skill level 19 in Axes
 18265 | Lair:8   | Reached XP level 14. HP: 73/133 MP: 22/22
 18788 | Lair:8   | Found a viscous altar of Jiyva.
 18789 | Lair:8   | Found a staircase to the Slime Pits.
 18844 | Lair:8   | Got a pair of pitted gloves
 19065 | Lair:8   | Got a steaming lapis lazuli ring
 19077 | Lair:8   | Identified the ring "Ufeysetol" {+Fly rF+} (You found it on level 8 of the Lair of Beasts)
 19236 | Lair:8   | Slain by a 19-headed hydra

Skill      XL: |  1  2  3  4  5  6  7  8  9 10 11 12 13 |
---------------+----------------------------------------+-----
Invocations    | 2 3 4 5 6 7 8 10 11 12 | 12.3
Fighting       | 4 5 7 8 9 10 12 13 14 | 14.8
Axes           | 4 5 6 8 10 12 13 15 17 19 | 19.7
Armour         | |  2.4
Dodging        | |  1.1

Action                   |  1- 3 |  4- 6 |  7- 9 | 10-12 | 13-15 || total
-------------------------+-------+-------+-------+-------+-------++-------
Melee: Hand axe          |    48 |   149 |       |   330 |   701 ||  1228
       Headbutt          |     5 |    28 |    60 |   198 |   174 ||   465
       War axe           |       |    31 |   408 |   659 |       ||  1098
Invok: Banish            |       |       |       |    11 |     6 ||    17
  Use: Potion            |     3 |     1 |     5 |     5 |       ||    14
       Scroll            |       |       |    19 |    10 |     4 ||    33
 Stab: Invisible         |     2 |       |       |       |       ||     2
       Distracted        |       |       |       |     1 |       ||     1
  Eat: Bread ration      |       |     1 |       |       |       ||     1
       Fruit             |       |     7 |     6 |     7 |       ||    20
       Beef jerky        |       |     1 |       |     3 |     5 ||     9
       Royal jelly       |       |     1 |       |       |     1 ||     2
       Chunk             |       |       |     4 |     9 |     4 ||    17
       Meat ration       |       |       |       |     1 |       ||     1
       Pizza             |       |       |       |     9 |       ||     9
Armor: Leather armour    |    21 |     4 |       |       |       ||    25
       Ring mail         |       |    67 |    80 |       |       ||   147
       Chain mail        |       |       |   309 |   713 |   514 ||  1536
       Skin              |       |       |       |     6 |       ||     6
Dodge: Dodged            |    24 |    99 |   194 |   378 |   282 ||   977
